 Dungeon Crawl Stone Soup version 0.23.2 (webtiles) character file.

Game seed: 858144728992419524

842 Gadfly the Cudgeler (level 7, 0/99 HPs)
             Began as a Troll Berserker on Apr 13, 2019.
             Was a Priest of Trog.
             Slain by a leopard gecko (2 damage)
             ... on level 6 of the Dungeon.
             The game lasted 00:06:32 (4676 turns).

Gadfly the Cudgeler (Troll Berserker)               Turns: 4676, Time: 00:06:33

Health: 0/99       AC:  7    Str: 35    XL:     7   Next: 67%
Magic:  6/6        EV: 10    Int:  3    God:    Trog [***...]
Gold:   350        SH:  0    Dex: 11    Spells: 6/6 levels left

rFire    . . .     SeeInvis .   a - +0 flail
rCold    . . .     Gourm    +   (no shield)
rNeg     + . .     Faith    .   p - +1 animal skin
rPois    .         Spirit   .   (helmet restricted)
rElec    .         Reflect  .   (no cloak)
rCorr    .         Harm     .   (gloves unavailable)
MR       .....                  (boots unavailable)
Stlth    ..........             (no amulet)
HPRegen  0.66/turn              l - +4 ring of strength
MPRegen  0.10/turn              j - ring of positive energy

@: berserking (expiring), very quick
A: large, unfitting armour, claws 3, fast metabolism 3, gourmand, regeneration
1, shaggy fur 1, tough skin 3
a: Berserk, Trog's Hand, Renounce Religion


You were on level 6 of the Dungeon.
You worshipped Trog.
Trog was most pleased with you.
You were very full.

You visited 1 branch of the dungeon, and saw 6 of its levels.

You collected 350 gold pieces.

Inventory:

Hand Weapons
 a - a +0 flail (weapon)
 b - a +0 long sword of holy wrath
 o - a +0 giant spiked club
Missiles
 f - 215 stones (quivered)
 n - 3 large rocks
 s - a throwing net
Armour
 p - a +1 animal skin (worn)
Jewellery
 e - an uncursed ring of fire
 j - a ring of positive energy (right claw)
 l - a +4 ring of strength (left claw)
 v - a +5 ring of intelligence
Scrolls
 k - 2 scrolls of magic mapping
 r - a scroll of fog
 t - a scroll of enchant weapon
 u - a scroll of remove curse
Potions
 d - 2 potions of heal wounds
 g - 2 potions of brilliance {unknown}
 h - a potion of resistance {unknown}
 i - 2 potions of haste
 q - a potion of curing {unknown}
Comestibles
 c - 8 rations
 m - a chunk of flesh


   Skills:
 - Level 2.4 Fighting
 * Level 7.1 Maces & Flails
 + Level 4.3 Throwing
 - Level 2.4 Dodging


You had 6 spell levels left.
You didn't know any spells.
Your spell library was empty.

Dungeon Overview and Level Annotations

Branches:
Dungeon (6/15)             Temple (0/1) D:5

Altars:
Elyvilon
Uskayaw
The Shining One


Innate Abilities, Weirdness & Mutations

You are too large for most types of armour.
You have claws for hands.
Your metabolism is lightning-fast.
You like to eat raw meat.
Your natural rate of healing is unusually fast.
You are covered in fur. (AC +1)
You have extremely tough skin. (AC +3)


Message History

The orc misses you. The orc closely misses you.
You completely miss the orc. The orc hits you.
You hit the orc.
The orc is severely wounded.
The orc hits you with a +0 falchion of electrocution.
You are electrocuted!
* * * LOW HITPOINT WARNING * * *
You barely miss the orc.
The orc is severely wounded.
The orc hits you.
* * * LOW HITPOINT WARNING * * *
The leopard gecko bites you.
* * * LOW HITPOINT WARNING * * *
The orc hits you with a +0 falchion of electrocution.
* * * LOW HITPOINT WARNING * * *
You are electrocuted!
* * * LOW HITPOINT WARNING * * *
You are too berserk!
The leopard gecko bites you.
You die...

.......
#........
#........
#........
#.......#
#.......# ##
#.......####..!#
###....l@>.....#
......)o.###...#
......)o........
.........######
.##...#### #...
#... ###


You could see 2 orcs and a leopard gecko.

Vanquished Creatures
  Sigmund (D:5)
  2 ogres (D:5)
  Blork the orc (D:4)
  A bullfrog (D:6)
  A scorpion (D:4)
  A howler monkey (D:5)
  An iguana (D:4)
  3 worker ants (D:4)
  6 gnolls
  6 adders
  2 worms
  4 dart slugs
  3 leopard geckos
  6 orcs
  A ball python (D:5)
  4 giant cockroaches
  5 goblins
  10 hobgoblins
  8 jackals
  3 kobolds
  2 quokkas (D:3)
  11 bats
  8 frilled lizards
  A jackal skeleton (D:5)
  11 rats
102 creatures vanquished.

Notes
Turn   | Place    | Note
-------+----------+-------------------------------------------
     0 | D:1      | Gadfly the Troll Berserker began the quest for the Orb.
     0 | D:1      | Reached XP level 1. HP: 22/22 MP: 0/0
   130 | D:1      | Reached skill level 3 in Maces & Flails
   138 | D:1      | Reached XP level 2. HP: 25/29 MP: 1/1
   392 | D:1      | Reached skill level 1 in Throwing
   499 | D:1      | Reached XP level 3. HP: 36/36 MP: 2/2
  1462 | D:2      | Reached ** piety under Trog
  1582 | D:2      | You fall through a shaft!
  1627 | D:2      | Reached skill level 4 in Maces & Flails
  1627 | D:2      | Reached XP level 4. HP: 39/44 MP: 3/3
  2243 | D:2      | Found a white marble altar of Elyvilon.
  2255 | D:2      | Found a glowing golden altar of the Shining One.
  2916 | D:3      | Reached XP level 5. HP: 49/50 MP: 4/4
  3207 | D:4      | Reached skill level 5 in Maces & Flails
  3310 | D:4      | Noticed Blork the orc
  3316 | D:4      | Killed Blork the orc
  3316 | D:4      | Reached XP level 6. HP: 59/59 MP: 5/5
  4061 | D:5      | Entered Level 5 of the Dungeon
  4065 | D:5      | Reached skill level 6 in Maces & Flails
  4161 | D:5      | Found a staircase to the Ecumenical Temple.
  4203 | D:5      | Reached XP level 7. HP: 52/66 MP: 6/6
  4237 | D:5      | Noticed Sigmund
  4278 | D:5      | Killed Sigmund
  4382 | D:5      | Found a hide-covered altar of Uskayaw.
  4448 | D:5      | Reached *** piety under Trog
  4669 | D:6      | Reached skill level 7 in Maces & Flails
  4675 | D:6      | HP: 1/99 [orc/+0 falchion of electrocution (9)]
  4676 | D:6      | Slain by a leopard gecko

Skill      XL: |  1  2  3  4  5  6  7 |
---------------+----------------------+-----
Maces & Flails | 3 4 5 6 7 |  7.1
Throwing       | 1 2 3 4 |  4.3
Fighting       | |  2.4
Dodging        | |  2.4

Action                   |  1- 3 |  4- 6 |  7- 9 || total
-------------------------+-------+-------+-------++-------
Melee: Mace              |   144 |   161 |       ||   305
       Flail             |       |    63 |    29 ||    92
Invok: Berserk           |       |     2 |     2 ||     4
  Use: Scroll            |     2 |     9 |       ||    11
 Stab: Sleeping          |     1 |     1 |       ||     2
  Eat: Chunk             |    18 |    29 |     5 ||    52
Armor: Animal skin       |   113 |    95 |     4 ||   212
Dodge: Dodged            |   121 |   153 |    20 ||   294
